 Dungeon Crawl Stone Soup version 0.28-a0-834-g1a73be5ee4 (webtiles) character file.

Game seed: 15697861855609093677

62 Multipenetrator the Skirmisher (level 3, -6/32 HPs)
             Began as a Demonspawn Monk on Nov 11, 2021.
             Mangled by Sigmund (9 damage)
             ... on level 2 of the Dungeon.
             The game lasted 00:01:50 (1552 turns).

Multipenetrator the Skirmisher (Demonspawn Monk)    Turns: 1552, Time: 00:01:51

Health: -6/32      AC:  2    Str: 12    XL:     3   Next: 85%
Magic:  3/3        EV: 12    Int: 11    God:
Gold:   30         SH:  0    Dex: 15    Spells: 2/2 levels left

rFire   . . .      SeeInvis .   a - +0 falchion
rCold   . . .      Faith    .   (no shield)
rNeg    . . .      Spirit   .   b - +0 robe
rPois   .          Reflect  .   (no helmet)
rElec   .          Harm     .   (no cloak)
rCorr   .          Rampage  .   (no gloves)
Will    .....                   (no boots)
Stlth   ++........              (no amulet)
HPRegen 0.10/turn               (no ring)
MPRegen 0.08/turn               (no ring)

@: no status effects
A: demonic touch 1
a: no special abilities


You were on level 2 of the Dungeon.
You visited 1 branch of the dungeon, and saw 2 of its levels.

You collected 30 gold pieces.

Inventory:

Hand Weapons
 a - a +0 falchion (weapon)
Armour
 b - a +0 robe (worn)
Scrolls
 c - a scroll of amnesia {unknown}
 e - a scroll of noise {unknown}
 g - 2 scrolls of identify {unknown}
 h - a scroll of immolation {unknown}
Potions
 d - a potion of lignification {unknown}
 f - a potion of brilliance {unknown}


   Skills:
 + Level 4.8 Fighting
 - Level 2.6 Long Blades
 - Level 2.6 Dodging
 - Level 1.7 Stealth


You had 2 spell levels left.
You didn't know any spells.
Your spell library contained the following spells:

 Spells                   Type           Power      Damage    Failure   Level
 Alistair's Intoxication  Tmut/Pois      0%         N/A       100%        5
 Borgnjor's Vile Clutch   Necr/Erth      0%         N/A       100%        5
 Eringya's Noxious Bog    Tmut/Pois      0%         N/A       100%        6


Dungeon Overview and Level Annotations

Branches:
Dungeon (2/15)

Altars:

Annotations:
D:2 Sigmund


Innate Abilities, Weirdness & Mutations

Your touch may inflict minor irresistible damage on your foes.


Message History

Sigmund is severely wounded.
Sigmund points at you and mumbles some strange words.
The puff of flame misses you.
You hit Sigmund but do no damage.
Sigmund is severely wounded.
Sigmund hits you with a +2 scythe of protection!
* * * LOW HITPOINT WARNING * * *
You are too injured to fight recklessly!
You are too injured to fight recklessly!
You are too injured to fight recklessly!
You are too injured to fight recklessly!
You are too injured to fight recklessly!
You are too injured to fight recklessly!
You are too injured to fight recklessly!
You are too injured to fight recklessly!
You hit Sigmund but do no damage.
You touch Sigmund.
Sigmund is almost dead.
Sigmund barely misses you.
You hit Sigmund but do no damage.
Sigmund is almost dead.
Sigmund closely misses you.
You barely miss Sigmund.
Sigmund is almost dead.
You barely miss Sigmund.
Sigmund is almost dead.
Sigmund is suddenly surrounded by pale green light.
Sigmund gestures at you while chanting. The magic dart hits you.
* * * LOW HITPOINT WARNING * * *
Sigmund gestures at you while chanting. You resist with significant effort.
You closely miss Sigmund.
Sigmund is almost dead.
Sigmund closely misses you.
You hit Sigmund.
Sigmund is almost dead.
You hit Sigmund but do no damage.
Sigmund is almost dead.
Sigmund hits you with a +2 scythe of protection!
You die...

### ####.####
#...#...# ####
#.@# #..#### #...
#6## ##....# #.##
#..###..##.####.#.
#...#...##....>...
####.##########.#.
#.# #.## #.# #...
#.# ######### #.#
#......# #..
#......#


You could see Sigmund.

Vanquished Creatures
  4 adders (D:2)
  An endoplasm (D:1)
  3 giant cockroaches
  4 goblins
  3 hobgoblins
  2 jackals (D:1)
  A quokka (D:1)
  3 frilled lizards
  5 rats
26 creatures vanquished.

Notes
Turn   | Place    | Note
-------+----------+-------------------------------------------
     0 | D:1      | Multipenetrator the Demonspawn Monk began the quest for the
                  | Orb.
     0 | D:1      | Reached XP level 1. HP: 18/18 MP: 1/1
   100 | D:1      | Gained mutation: Your touch may inflict minor irresistible
                  | damage on your foes. [demonic ancestry]
   100 | D:1      | Reached XP level 2. HP: 3/24 MP: 2/2
   765 | D:2      | Reached skill level 4 in Fighting
   783 | D:2      | Reached XP level 3. HP: 28/30 MP: 3/3
  1539 | D:2      | Noticed Sigmund
  1552 | D:2      | Mangled by Sigmund

Illustrated notes

Levels and vault maps discovered:
D:1:      heliophobic_arrival_enchanted_forest, layout_rooms
D:2:      layout_loops_cross, uniq_sigmund

Skill      XL: |  1  2 |
---------------+-------+-----
Fighting       | 4 |  4.8
Long Blades    | |  2.6
Dodging        | |  2.6
Stealth        | |  1.7

Action                   || total
-------------------------++-------
Melee: Falchion          ||    93
       Touch             ||    11
 Stab: Sleeping          ||     3
Armor: Robe              ||     9
Dodge: Dodged            ||    68

Table legend: (Time is in decaauts)
 A = Elapsed time spent in this place.
 B = Non-inter-level travel time spent in this place.
 C = Inter-level travel time spent in this place.
 D = Time resting spent in this place.
 E = Time spent auto-exploring this place.
 F = Levels seen in this place.
 G = Mean time per level.
                   A        B        C        D        E       F      G
               +--------+--------+--------+--------+--------+-----+--------+
         Total |   1567 |   1557 |     10 |      0 |   1340 |   2 |  783.5 |
       Dungeon |   1567 |   1557 |     10 |      0 |   1340 |   2 |  783.5 |
               +--------+--------+--------+--------+--------+-----+--------+

Top non-repeatable levels by time:
     D:2: 812 daAuts
     D:1: 754 daAuts
